 Dungeon Crawl Stone Soup version 0.31-a0-145-g046c7d2549 (webtiles) character file.

Game seed: 8119371104091852252

11083 wayreth the Grappler (level 11, -19/87 HPs)
             Began as a Demonspawn Berserker on June 5, 2023.
             Was a High Priest of Trog.
             Hit by a large rock thrown by a cyclops (39 damage)
             ... on level 11 of the Dungeon.
             The game lasted 00:38:09 (11123 turns).

wayreth the Grappler (Demonspawn Berserker)        Turns: 11123, Time: 00:38:10

Health: -19/87     AC: 13    Str: 21    XL:     11   Next: 44%
Magic:  11/11      EV: 17    Int:  9    God:    Trog [*****.]
Gold:   470        SH:  0    Dex: 13    Spells: 10/10 levels left

rFire   . .          .
                       - Unarmed
rCold   + . .        (no shield)
rNeg    + . .        i - +2 ring mail {rC+}
rPois   .            a - +1 helmet
rElec   .            p - +0 cloak
rCorr   .            d - +0 pair of gloves
SInv    .            (no boots)
Will    .....        (no amulet)
Stlth   +            k - ring of positive energy
HPRegen 0.34/turn    (no ring)
MPRegen 0.12/turn

%: no passive effects
@: about to teleport
A: hooves 1, repulsion field 2, ignite blood 2, passive freeze, wild magic 3
a: Renounce Religion, Berserk, Trog's Hand, Brothers in Arms


You were on level 11 of the Dungeon.
You worshipped Trog.
Trog was extremely pleased with you.
You visited 1 branch of the dungeon, and saw 11 of its levels.
You also visited: Sewer and Ice Cave.

You collected 610 gold pieces.
You spent 140 gold pieces at shops.

Inventory:

Armour
 a - a +1 helmet (worn)
 d - a +0 pair of gloves (worn)
 i - a +2 ring mail of cold resistance (worn)
 p - a +0 cloak (worn)
Jewellery
 k - a ring of positive energy (left hand)
 l - a +5 ring of evasion
Wands
 c - a wand of paralysis (18)
 g - a wand of light (17)
 o - a wand of flame (12)
 q - a wand of roots (4)
Scrolls
 b - 7 scrolls of identify
 h - a scroll of silence
 j - a scroll of brand weapon
 m - a scroll of fog
 n - a scroll of enchant weapon
 s - a scroll of blinking {unknown}
Potions
 e - 2 potions of curing
 f - 2 potions of enlightenment


   Skills:
 * Level 8.4 Fighting
 + Level 7.8 Armour
 - Level 7.1 Dodging
 - Level 11.5 Unarmed Combat
 - Level 1.3 Evocations


You had 10 spell levels left.
You didn't know any spells.
Your spell library was empty.

Dungeon Overview and Level Annotations

Branches:
Dungeon (11/15)            Temple (0/1) D:4            Lair (0/5) D:9
  Sewer (visited)           IceCv (visited)
    Orc: D:9-12

Altars:
Ashenzari
Dithmenos
Gozag
Hepliaklqana
Makhleb
Okawaru
Qazlal
Sif Muna
Vehumet

Shops:
D:1 (   D:4 [   D:5 [


Innate Abilities, Weirdness & Mutations

You have large cloven feet.
You are surrounded by a moderate repulsion field. (EV +3)
Your demonic aura often causes spilled blood to erupt in flames.
A frigid envelope surrounds you and freezes all who hurt you.
Your spells are much harder to cast, but much more powerful.


Message History

Trog appreciates your killing of a magic user.
Reactivating autopickup.
You feel a bit more experienced.
You start resting.
You feel less confused.
You start resting.
You feel yourself speed up.
You start resting.
You recover from your berserk rage.
You start resting.
HP restored.
You open the door.
A gargoyle comes into view. It is wielding a +0 mace.
There is an open door here.
The gargoyle hits you with a +0 mace.
The gargoyle is very cold.
The gargoyle is moderately damaged.
You punch the gargoyle!
The gargoyle is severely damaged.
The gargoyle hits you but does no damage.
The gargoyle is very cold.
The gargoyle is almost destroyed.
You hit the gargoyle but do no damage.
You kick the gargoyle, but do no damage.
The gargoyle is almost destroyed.
The gargoyle hits you but does no damage.
The gargoyle is very cold.
You destroy the gargoyle!
Trog accepts your kill.
There is an open door here.
A cyclops comes into view.
The cyclops shouts!
The cyclops throws a large rock.
The large rock misses you.
The cyclops throws a large rock.
The large rock misses you.
The cyclops throws a large rock.
The large rock hits you!!!
The cyclops throws a large rock.
The large rock hits you!!
* * * LOW HITPOINT WARNING * * *
As you read the scroll of teleportation, it crumbles to dust.
You feel strangely unstable.
The cyclops throws a large rock.
The large rock hits you!!!
You die...

###.....#.#####..#
........#.# #.....
........#.# #.....#
......).'.# #.....#
........#.#####.....#
........#...........
........#.........#
.########....○....#
#######.........@°.....#
.........######++#☼☼...#
......... #.☼...#
........# #..C..#
........# #.....#
#.......# #.....#
'.......# #.....#
#.......+ #.....#
#.......# #....##


You could see a cyclops.

Vanquished Creatures
  2 two-headed ogres
  2 gargoyles (D:11)
  4 trolls
  A hornet (D:9)
  A shadow (D:11)
  2 wraiths
  11 yaks
  A wyvern (D:9)
  2 vampires
  Eustachio (D:5)
  2 basilisks
  A steam dragon (D:9)
  Duvessa (D:5)
  3 acid dragons
  3 water moccasins (D:9)
  2 orc warriors
  A black bear (D:2)
  3 ice beasts
  6 centaurs
  2 phantoms
  Blork the orc (D:6)
  5 bullfrogs
  3 kobold brigands
  7 scorpions
  5 wights
  Dowan (D:5)
  9 killer bees
  4 howler monkeys
  Crazy Yiuf (D:6)
  2 jellies
  2 sleepcaps
  4 hounds
  5 orc priests
  8 iguanas
  3 gnoll boudas
  4 orc wizards
  A mummy (D:7)
  Robin (D:2)
  12 adders
  21 gnolls
  5 river rats (Sewer)
  14 white imps
  An ufetubus (D:4)
  2 worms
  2 dart slugs (D:2)
  28 orcs
  4 bats
  8 endoplasms
  4 giant cockroaches
  11 goblins
  13 hobgoblins
  19 kobolds
  7 quokkas
  20 ball pythons
  3 frilled lizards
  A hobgoblin zombie (D:7)
  An orc zombie (D:7)
  29 rats
  A spectral goblin (D:8)
323 creatures vanquished.

Notes
Turn   | Place    | Note
-------+----------+-------------------------------------------
     0 | D:1      | wayreth the Demonspawn Berserker began the quest for the
                  | Orb.
     0 | D:1      | Reached XP level 1. HP: 18/18 MP: 1/1
   161 | D:1      | Found Axyhoil's Weapon Boutique.
   318 | D:1      | Gained mutation: You have large cloven feet. [demonic
                  | ancestry]
   318 | D:1      | Reached XP level 2. HP: 13/23 MP: 2/2
  1163 | D:2      | Reached XP level 3. HP: 30/30 MP: 3/3
  1299 | D:2      | Reached skill level 5 in Fighting
  1299 | D:2      | Reached XP level 4. HP: 17/39 MP: 4/4
  1451 | D:2      | Reached ** piety under Trog
  1687 | D:2      | Noticed a black bear
  1701 | D:2      | Killed a black bear
  1702 | D:2      | Reached XP level 5. HP: 47/47 MP: 5/5
  1959 | D:2      | Noticed Robin
  1996 | D:2      | Killed Robin
  2633 | D:3      | Reached XP level 6. HP: 47/53 MP: 6/6
  3223 | D:4      | Gained mutation: Your spells are a little harder to cast,
                  | but a little more powerful. [potion of mutation]
  3223 | D:4      | Gained mutation: A frigid envelope surrounds you and
                  | freezes all who hurt you. [potion of mutation]
  3223 | D:4      | Gained mutation: Your spells are harder to cast, but more
                  | powerful. [potion of mutation]
  3223 | D:4      | Gained mutation: Your spells are much harder to cast, but
                  | much more powerful. [potion of mutation]
  3322 | D:4      | Found a staircase to the Ecumenical Temple.
  3399 | D:4      | Found Rificv Liyz's Antique Armour Shoppe.
  3405 | D:4      | Bought a shiny ring mail for 140 gold pieces
  3568 | D:5      | Entered Level 5 of the Dungeon
  3645 | D:5      | Found Ugeblij's Armour Shoppe.
  3738 | D:5      | Gained mutation: You are surrounded by a mild repulsion
                  | field. (EV +2) [demonic ancestry]
  3738 | D:5      | Reached XP level 7. HP: 49/60 MP: 7/7
  3984 | D:5      | Reached skill level 5 in Armour
  3990 | D:5      | Reached *** piety under Trog
  4289 | D:5      | Gained mutation: Your demonic aura sometimes causes spilled
                  | blood to erupt in flames. [demonic ancestry]
  4289 | D:5      | Reached XP level 8. HP: 66/67 MP: 8/8
  4919 | D:6      | Noticed Eustachio
  4920 | D:6      | Noticed Dowan
  4931 | D:6      | Noticed Duvessa
  4936 | D:5      | Killed Eustachio
  4952 | D:5      | Killed Duvessa
  4955 | D:5      | Killed Dowan
  5255 | D:6      | Reached skill level 5 in Dodging
  5309 | D:6      | Found a glowing drain.
  5326 | Sewer    | Entered a sewer
  5396 | Sewer    | Reached **** piety under Trog
  5501 | Sewer    | Reached skill level 1 in Evocations
  5582 | Sewer    | Gained mutation: You are surrounded by a moderate repulsion
                  | field. (EV +3) [demonic ancestry]
  5582 | Sewer    | Reached XP level 9. HP: 66/72 MP: 9/9
  5803 | D:6      | Found a runed translucent door.
  5804 | D:6      | Noticed Crazy Yiuf
  5810 | D:6      | Killed Crazy Yiuf
  6103 | D:6      | Noticed Blork the orc
  6181 | D:6      | Killed Blork the orc
  6913 | D:7      | Reached skill level 3 in Unarmed Combat
  7232 | D:7      | Reached skill level 4 in Unarmed Combat
  7336 | D:7      | Reached skill level 5 in Unarmed Combat
  7808 | D:7      | Reached skill level 6 in Unarmed Combat
  7905 | D:8      | You fall into a shaft and drop 1 floor!
  7908 | D:9      | Noticed a troll
  7912 | D:9      | Killed a troll
  7943 | D:9      | Reached ***** piety under Trog
  7948 | D:9      | Reached skill level 7 in Unarmed Combat
  7948 | D:9      | Reached XP level 10. HP: 43/79 MP: 10/10
  8029 | D:9      | Reached skill level 8 in Unarmed Combat
  8216 | D:9      | Reached skill level 9 in Unarmed Combat
  8888 | D:8      | Found a hazy altar of Hepliaklqana.
  9024 | D:8      | Reached skill level 10 in Unarmed Combat
  9132 | D:9      | Noticed a two-headed ogre
  9155 | D:9      | Killed a two-headed ogre
  9256 | D:9      | Found a staircase to the Lair.
  9362 | D:9      | Gained mutation: Your demonic aura often causes spilled
                  | blood to erupt in flames. [demonic ancestry]
  9362 | D:9      | Reached XP level 11. HP: 58/84 MP: 11/11
  9497 | D:10     | Entered Level 10 of the Dungeon
  9502 | D:9      | Reached skill level 11 in Unarmed Combat
 10022 | D:10     | Noticed a two-headed ogre
 10032 | D:10     | Killed a two-headed ogre
 10035 | D:10     | Found an iron altar of Okawaru.
 10112 | D:10     | Found a shimmering blue altar of Sif Muna.
 10113 | D:10     | Found an opulent altar of Gozag.
 10114 | D:10     | Found a stormy altar of Qazlal.
 10115 | D:10     | Found a shadowy altar of Dithmenos.
 10117 | D:10     | Found a burning altar of Makhleb.
 10126 | D:10     | Found a broken altar of Ashenzari.
 10127 | D:10     | Found a radiant altar of Vehumet.
 10600 | D:11     | Found a frozen archway.
 10647 | IceCv    | Entered an ice cave
 11123 | D:11     | Hit by a large rock thrown by a cyclops

Illustrated notes

Levels and vault maps discovered:
D:1:      minmay_arrival_shattered_statue, layout_basic, serial_shops,
          nicolae_shop_window_shopping
D:2:      layout_rooms, uniq_robin
D:3:      layout_loops_ring, nicolae_elyvilon_peaceful_grove,
          hangedman_decor_clover_reticule
D:4:      layout_rooms, minmay_temple_entry_tees, serial_shops,
          nicolae_shop_advertising_works [nicolae_subvault_shop_adworks]
D:5:      layout_gridville, serial_shops, nicolae_square_shop
D:6:      layout_layer_cave, portal_sewer_entry_a, nicolae_zen_rock_garden,
          uniq_eustachio, uniq_blork_the_orc, uniq_duvessa,
          uniq_crazy_yiuf_cottage
D:7:      layout_basic, nicolae_ossuary_entry_giza, minivault_23,
          minmay_misc_feat_five
D:8:      layout_loops_ring, nicolae_hepliaklqana_monster_ancestors
D:9:      layout_gridville, minmay_lair_entry_grove
D:10:     layout_rooms, lemuel_round_altar, grunt_temple_overflow_open,
          roderic_roman_lattice, due_unseen_surprise
D:11:     layout_irregular_city, portal_ice_cave_entry_imps

Skill      XL: |  1  2  3  4  5  6  7  8  9 10 11 |
---------------+----------------------------------+-----
Fighting       | 4 5 6 7 8 |  8.4
Armour         | 3 6 7 |  7.8
Dodging        | 5 7 |  7.1
Evocations     | 1 |  1.3
Unarmed Combat | 7 10 11 | 11.5

Action                     |  1- 3 |  4- 6 |  7- 9 | 10-12 || total
---------------------------+-------+-------+-------+-------++-------
  Melee: Unarmed           |    97 |   212 |   480 |   238 ||  1027
         Kick              |    23 |    41 |   163 |    78 ||   305
         Punch             |     3 |     4 |     8 |     9 ||    24
 Invoke: Berserk           |     4 |     5 |     4 |     3 ||    16
         Trog's Hand       |       |     1 |     2 |       ||     3
  Evoke: Wand              |       |       |     2 |     2 ||     4
    Use: Scroll            |     2 |     5 |     6 |     4 ||    17
         Potion            |       |     7 |     3 |     6 ||    16
   Stab: Paralysed         |       |       |       |     6 ||     6
 Armour: Animal skin       |    14 |     8 |       |       ||    22
         Leather armour    |       |    42 |       |       ||    42
         Ring mail         |       |     6 |   179 |   115 ||   300
         Skin              |       |     4 |       |       ||     4
  Dodge: Dodged            |    60 |    99 |   383 |   248 ||   790

Table legend: (Time is in decaauts)
 A = Elapsed time spent in this place.
 B = Non-inter-level travel time spent in this place.
 C = Inter-level travel time spent in this place.
 D = Time resting spent in this place.
 E = Time spent auto-exploring this place.
 F = Levels seen in this place.
 G = Mean time per level.
                   A        B        C        D        E       F      G
               +--------+--------+--------+--------+--------+-----+--------+
         Total |  11221 |  11001 |    220 |   1804 |   6901 |  13 |  863.2 |
       Dungeon |  10807 |  10587 |    220 |   1804 |   6678 |  11 |  982.5 |
         Sewer |    404 |    404 |      0 |      0 |    222 |   1 |  404.0 |
      Ice Cave |      9 |      9 |      0 |      0 |      0 |   1 |    9.0 |
               +--------+--------+--------+--------+--------+-----+--------+

Top non-repeatable levels by time:
     D:6: 1410 daAuts
     D:5: 1402 daAuts
     D:2: 1086 daAuts
     D:1: 1084 daAuts
     D:7: 1065 daAuts
     D:8: 940 daAuts
     D:9: 893 daAuts
     D:3: 765 daAuts
    D:11: 745 daAuts
    D:10: 710 daAuts
     D:4: 702 daAuts
   Sewer: 404 daAuts
   IceCv: 9 daAuts
